 Dungeon Crawl Stone Soup version 0.30.0-19-g36f170ea60 (webtiles) character file.

Game seed: 13505879324118091403

49 CaptainMV the Conjurer (level 3, -5/39 HPs)
             Began as a Draconian Wanderer on June 1, 2023.
             Slain by a worm (6 damage)
             ... on level 3 of the Dungeon.
             The game lasted 00:12:08 (1658 turns).

CaptainMV the Conjurer (Draconian Wanderer)         Turns: 1658, Time: 00:12:09

Health: -5/39      AC: 21    Str: 15    XL:     3   Next: 53%
Magic:  0/4        EV:  2    Int: 15    God:
Gold:   143        SH:  6    Dex:  8    Spells: 2/4 levels left

rFire   . . .        a - +0 club
rCold   . . .        d - +2 buckler
rNeg    . . .        (body armour unavailable)
rPois   +            (helmet currently unavailable)
rElec   .            (cloak currently unavailable)
rCorr   .            (gloves currently unavailable)
SInv    .            (boots currently unavailable)
Will    .....        (no amulet)
Stlth   +            (no ring)
HPRegen 0.26/turn    (no ring)
MPRegen 0.09/turn

%: no passive effects
@: tree-form, very slow
A: stationary, stasis, torment immunity, boosted hp, AC +5, unfitting armour,
(cold-blooded)
a: no special abilities


You were on level 3 of the Dungeon.
You were a tree.
You visited 1 branch of the dungeon, and saw 3 of its levels.

You collected 143 gold pieces.

Inventory:

Hand Weapons
 a - a +0 club (weapon)
 p - a +2 short sword of speed
Missiles
 e - 2 throwing nets
Armour
 d - a +2 buckler (worn)
Jewellery
 n - a +6 ring of dexterity
Scrolls
 f - a scroll of fog
 i - a scroll of acquirement {unknown}
 k - a scroll of teleportation
 l - a scroll of poison {unknown}
 q - a scroll of identify
Potions
 c - a potion of lignification
 g - 2 potions of attraction {unknown}
 h - 2 potions of ambrosia {unknown}
 j - 3 potions of resistance {unknown}
 m - a potion of curing {unknown}
 o - a potion of degeneration {unknown}
Miscellaneous
 b - a piece from Xom's chessboard (15/15) (quivered)


   Skills:
 + Level 0.2 Fighting
 + Level 0.8 Maces & Flails
 + Level 0.8 Dodging
 + Level 1.0 Stealth
 + Level 3.4 Shields
 + Level 1.1 Spellcasting
 + Level 4.5 Conjurations
 + Level 0.1 Air Magic
 + Level 1.0 Evocations


You had 2 spell levels left.
You knew the following spells:

 Your Spells              Type           Power      Damage    Failure   Level
a - Static Discharge      Conj/Air       14%        2-3/arc   19%         2

Your spell library contained the following spells:

 Spells                   Type           Power      Damage    Failure   Level
 Searing Ray              Conj           28%        2d5       8%          2
 Vhi's Electric Charge    Tloc/Air       2%         N/A       67%         3
 Animate Dead             Necr           0%         N/A       97%         4
 Dispel Undead            Necr           0%         3d6       97%         4
 Arcjolt                  Conj/Air       3%         1d13      98%         5


Dungeon Overview and Level Annotations

Branches:
Dungeon (3/15)

Altars:

Shops:
D:2 (


Innate Abilities, Weirdness & Mutations

You are a tree.
Your roots penetrate the ground, keeping you stationary.
You cannot be teleported.
You are immune to unholy pain and torment.
Your maximum health is greatly increased.
Your equipment is partially melded.
((Your plain brown scales are hard. (AC +5)))
You cannot fit into any form of body armour.
((You are cold-blooded and may be slowed by cold attacks.))


Message History

The worm is struck by an arc of lightning.
The worm is moderately wounded.
The river rat is struck by an arc of lightning.
The river rat is moderately wounded.
The lightning grounds out.
The river rat misses you.
Casting: Static Discharge (safe; 19% risk of failure)
Confirm with . or Enter, or press ? or * to list all spells.
The river rat is struck by an arc of lightning.
The river rat is heavily wounded.
You are struck by an arc of lightning.
The lightning grounds out.
The worm is struck by an arc of lightning.
The worm is heavily wounded.
You are struck by an arc of lightning.
The worm is struck by an arc of lightning.
The worm is severely wounded.
The lightning grounds out.
The river rat barely misses you. The worm bites you but does no damage.
You closely miss the river rat.
The river rat is heavily wounded.
The river rat bites you but does no damage.
The river rat bites you!
* * * LOW HITPOINT WARNING * * *
The worm bites you.
* * * LOW HITPOINT WARNING * * *
Okay, then.
Really quaff the potion of lignification?
You turn into a tree.
Your roots penetrate the ground.
You block the river rat's attack.
You hit the river rat.
The river rat is severely wounded.
The rat bites you but does no damage.
The river rat bites you but does no damage.
The worm bites you.
* * * LOW HITPOINT WARNING * * *
You hit the river rat.
The river rat is severely wounded.
You block the rat's attack.
The river rat bites you but does no damage.
The worm bites you.
You die...

## .. #.. ...#
##.. #...# ###...#
###...#
#......####.#...##
#.....r...........
#.....r♣....#.#
#..~.~w~~~....# #
##~~#~#~####..# ..
#~~~~~~~ ##.# .#
####### ##.# .#
#..######.# .
#.........#.#
#.####.......
#######..##.#


You could see a worm, a river rat and a rat.

Vanquished Creatures
  2 adders
  A worm (D:3)
  4 endoplasms (D:2)
  4 giant cockroaches
  2 goblins
  4 hobgoblins (D:1)
  2 kobolds
  A quokka (D:2)
  A ball python (D:2)
  A bat (D:3)
  4 rats
26 creatures vanquished.

Notes
Turn   | Place    | Note
-------+----------+-------------------------------------------
     0 | D:1      | CaptainMV the Draconian Wanderer began the quest for the
                  | Orb.
     0 | D:1      | CaptainMV set off with the following items: a +0 club, a
                  | piece from Xom's chessboard (15/15), a potion of
                  | lignification, a +2 buckler; and the following spells
                  | available to memorise: Searing Ray, Static Discharge.
     0 | D:1      | Reached XP level 1. HP: 14/14 MP: 2/2
   391 | D:1      | Reached XP level 2. HP: 20/20 MP: 3/3
   394 | D:1      | Learned a level 2 spell: Static Discharge
   834 | D:2      | Found Vimaifaff's Weapon Emporium.
   948 | D:2      | Reached XP level 3. HP: 23/26 MP: 4/4
  1267 | D:2      | Got the Anthology of Charnel Aeromancy
  1390 | D:3      | Found a faded altar of an unknown god.
  1657 | D:3      | HP: 1/39 [worm (4)]
  1658 | D:3      | Slain by a worm

Illustrated notes

Levels and vault maps discovered:
D:1:      dpeg_arrival_leaves_temple_mockup, layout_basic,
          serial_co_window_serial, co_window_paths_b, co_window_paths_a,
          co_window_paths_b, co_window_paths_b, co_window_paths_a,
          co_window_of_opportunity_b, co_window_corner_b, co_window_corner_b,
          glass_columns_a, glass_columns_a, glass_columns_a
D:2:      layout_basic, serial_shops, nicolae_shop_crystal,
          corexii_item_surrounded_by_moat, minmay_misc_feat_iff,
          minmay_liquid_box, hangedman_decor_slide_cut
D:3:      layout_loops_ring, lightli_sewer_entry_pipes,
          shapermc_ecumenical_altar_starsandcircs, minmay_misc_feat_ornament,
          kennysheep_another_room, grunt_decor_clamped

Action                     || total
---------------------------++-------
  Melee: Club              ||   142
         Tailslap          ||    16
   Cast: Static Discharge  ||     5
    Use: Scroll            ||     5
         Potion            ||     1
 Armour: Skin              ||    59
  Dodge: Dodged            ||    79
  Block: Buckler           ||    48
